 Dungeon Crawl Stone Soup version 0.21.1-1-g345015f (webtiles) character file.

97 shakethe the Chopper (level 4, -6/41 HPs)
             Began as a Minotaur Fighter on Feb 18, 2018.
             Was an Initiate of Okawaru.
             Mangled by Scuka's ghost (9 damage)
             ... on level 4 of the Dungeon.
             The game lasted 00:03:05 (2072 turns).

shakethe the Chopper (Minotaur Fighter)             Turns: 2072, Time: 00:03:05

Health: -6/41      AC:  8    Str: 21    XL:     4   Next: 42%
Magic:  3/3        EV:  7    Int:  6    God:    Okawaru [......]
Gold:   125        SH:  9    Dex:  9    Spells: 3/3 levels left

rFire    . . .     SeeInvis .   a - +0 war axe
rCold    . . .     Gourm    .   c - +0 shield
rNeg     . . .     Faith    .   b - +0 scale mail
rPois    .         Spirit   .   (helmet restricted)
rElec    .         Reflect  .   (no cloak)
rCorr    .         Harm     .   n - +0 pair of gloves
MR       .....     Rnd*Tele +   (no boots)
Stlth    ..........             (no amulet)
HPRegen  0.13/turn              h - ring of teleportation (curse) {+/*tele, !d}
MPRegen  0.08/turn              (no ring)

@: no status effects
A: retaliatory headbutt, horns 2
a: Renounce Religion


You were on level 4 of the Dungeon.
You worshipped Okawaru.
Okawaru was noncommittal.
You were hungry.

You visited 1 branch of the dungeon, and saw 4 of its levels.

You collected 125 gold pieces.

Inventory:

Hand Weapons
 a - a +0 war axe (weapon)
Armour
 b - a +0 scale mail (worn)
 c - a +0 shield (worn)
 n - a +0 pair of gloves (worn)
   (You found it on level 2 of the Dungeon)
Jewellery
 h - a cursed ring of teleportation (left hand) {+/*tele, !d}
   (You found it on level 1 of the Dungeon)
Scrolls
 e - a scroll of identify {unknown}
 g - 2 scrolls of remove curse {unknown}
 i - a scroll of noise {unknown}
 j - a scroll of fear {unknown}
 k - a scroll of enchant weapon {unknown}
 l - 3 scrolls of enchant armour {unknown}
 m - a scroll of immolation {unknown}
 o - 2 scrolls of blinking {unknown}
 q - 2 scrolls of teleportation {unknown}
 t - a scroll of magic mapping {unknown}
Potions
 d - a potion of might
 p - a potion of agility {unknown}
 r - 2 potions of haste {unknown}
 s - a potion of invisibility {unknown}
 u - a potion of heal wounds {unknown}
 v - a potion of curing {unknown}
 w - a potion of mutation {unknown}
Comestibles
 f - 5 rations


   Skills:
 + Level 4.6 Fighting
 * Level 4.9 Axes
 - Level 3.6 Armour
 - Level 3.6 Shields


You had 3 spell levels left.
You didn't know any spells.

Dungeon Overview and Level Annotations

Branches:
Dungeon (4/15)
 Temple: D:4-7

Altars:
Nemelex Xobeh
Okawaru

Annotations:
D:4 Scuka's ghost, amateur TrMo


Innate Abilities, Weirdness & Mutations

You reflexively headbutt those who attack you in melee.
You have a pair of horns on your head.


Message History

Done exploring.
No target in view!
No target in view!
No target in view!
No target in view!
No target in view!
Done exploring.
There is an escape hatch in the floor here.
You can't go up here!
You slide downwards.
The hatch slams shut behind you.
Found a stone staircase leading down.
You now have 125 gold pieces (gained 16).
No target in view!
No target in view!
No target in view!
No target in view!
No target in view!
No target in view!
No target in view!
No target in view!
Found a stone staircase leading up.
No target in view!
No target in view!
No target in view!
No target in view!
No target in view!
No target in view!
An adder comes into view.
The adder hisses angrily.
The adder bites you but does no damage.
You closely miss the adder. The adder bites you but does no damage.
You miss the adder. The adder bites you but does no damage.
The adder bites you.
You are poisoned.
The adder poisons you!
You take 2 damage, and have 39/41 hp.
You hit the adder.
You feel sick. You block the adder's attack.
The adder bites you but does no damage.
You closely miss the adder. You block the adder's attack. x2
You slash the adder!
You feel sick. You block the adder's attack.
The adder bites you but does no damage.
You take 1 damage, and have 38/41 hp.
You miss the adder. Your headbutt misses the adder.
The adder bites you but does no damage.
Scuka's ghost (amateur Troll Monk) comes into view.
You barely miss the adder. You block the adder's attack.
Scuka's ghost whispers, "You will understand me better in a moment."
The adder barely misses you.
Unknown command.
You miss the adder.
You feel sick. You block the adder's attack. The adder barely misses you.
You take 1 damage, and have 37/41 hp.
You miss the adder. The adder closely misses you. You block the adder's attack.
You barely miss the adder. You block the adder's attack.
Your shield prevents you from hitting the adder.
You feel sick.
You are no longer poisoned.
The adder barely misses you. You furiously retaliate!
You headbutt the adder!
You kill the adder!
Scuka's ghost hits you!
You take 16 damage, and have 22/41 hp.
MASSIVE DAMAGE!!
You block Scuka's ghost's attack.
There is a stone staircase leading down here.
There is a stone staircase leading up here.
Scuka's ghost hits you.
You climb upwards.
There is a stone staircase leading down here.
You take 2 damage, and have 21/41 hp.
There is an iron altar of Okawaru here.
You kneel at the altar of Okawaru.
Okawaru welcomes you!
You start resting.
You are feeling hungry.
You regained 7 hp, and now have 31/41 hp.
There is a stone staircase leading down here.
You start resting.
Health restored: 41
There is a stone staircase leading down here.
You climb downwards.
Level annotation: Scuka's ghost, amateur TrMo Scuka's ghost hits you!
There is a stone staircase leading up here.
You take 9 damage, and have 32/41 hp.
MASSIVE DAMAGE!!
Your shield and scale mail prevent you from hitting Scuka's ghost.
Scuka's ghost barely misses you. You block Scuka's ghost's attack.
You barely miss Scuka's ghost. Scuka's ghost closely misses you.
You slash Scuka's ghost! Scuka's ghost hits you!
You take 14 damage, and have 18/41 hp.
MASSIVE DAMAGE!!
You hit Scuka's ghost. Scuka's ghost hits you.
* * * LOW HITPOINT WARNING * * *
You take 6 damage, and have 12/41 hp.
Your shield and scale mail prevent you from hitting Scuka's ghost.
You headbutt Scuka's ghost. Scuka's ghost hits you!
* * * LOW HITPOINT WARNING * * *
Scuka's ghost ripples.
Scuka's ghost hits you!
You die...

..... .. #...## # #.##
#. #...# . ..... #.
#..#########.
.....##.####............
......#....#............
........................
.......#................
#W@.....[..........
...###................
........>..............
....##.................
.. #....#............
####.#......##....
#...########### ##..#
#...


You could see Scuka's ghost.

Vanquished Creatures
  5 adders
  2 worms (D:2)
  3 leopard geckos
  An orc (D:3)
  A giant cockroach (D:1)
  7 goblins
  4 hobgoblins
  3 jackals (D:3)
  2 ball pythons
  4 bats
  2 frilled lizards (D:1)
  4 kobolds
  8 rats
46 creatures vanquished.

Notes
Turn   | Place    | Note
-------+----------+-------------------------------------------
     0 | D:1      | shakethe the Minotaur Fighter began the quest for the Orb.
     0 | D:1      | Reached XP level 1. HP: 19/19 MP: 0/0
    62 | D:1      | Reached skill level 3 in Axes
    63 | D:1      | Reached XP level 2. HP: 27/27 MP: 1/1
   136 | D:1      | Reached skill level 4 in Fighting
   359 | D:2      | Reached XP level 3. HP: 31/33 MP: 2/2
   369 | D:2      | Reached skill level 4 in Axes
  1057 | D:3      | Reached XP level 4. HP: 37/41 MP: 3/3
  1120 | D:3      | Found a sparkling altar of Nemelex Xobeh.
  1521 | D:3      | Found an iron altar of Okawaru.
  1897 | D:4      | Noticed Scuka's ghost (amateur TrMo)
  1923 | D:3      | Became a worshipper of Warmaster Okawaru
  2072 | D:4      | HP: 3/41 [Scuka's ghost (9)]
  2072 | D:4      | Mangled by Scuka's ghost

Skill      XL: |  1  2  3 |
---------------+----------+-----
Axes           | 3 4 |  4.9
Fighting       | 4 |  4.6
Armour         | |  3.6
Shields        | |  3.6

Action                   |  1- 3 |  4- 6 || total
-------------------------+-------+-------++-------
Melee: War axe           |    74 |    37 ||   111
       Headbutt          |    10 |     5 ||    15
  Eat: Chunk             |       |     3 ||     3
Armor: Scale mail        |    34 |    15 ||    49
Dodge: Dodged            |    28 |     9 ||    37
Block: Shield            |    36 |    19 ||    55

Vault maps used:
D:1:      lightli_arrival_lavapool
D:3:      lemuel_crystal_altar, nicolae_overflow_hidden_temple, serial_aquarium,
          aquarium_bridge_island_small, aquarium_window_fake, aquarium_window_2,
          aquarium_window_fake, aquarium_window_3, aquarium_view_2f,
          aquarium_view_2d, aquarium_balcony_3a, aquarium_pool_side,
          hangedman_glass_teeth
D:4:      fedhas_altar_2, first_ration, uniq_blork_the_orc, uniq_menkaure

Table legend:
 A = Turns spent in this place as a percentage of turns spent in the entire game.
 B = Non-inter-level travel turns spent in this place as a percentage of non-inter-level travel turns spent in the entire game.
 C = Inter-level travel turns spent in this place as a percentage of turns spent in this place.
 D = Turns resting spent in this place as a percentage of non-inter-level travel turns spent in this place.
 E = Turns spent auto-exploring this place as a percentage of non-inter-level travel turns spent in this place.
 F = Non-inter-level travel turns spent in this place divided by the number of levels of this place that you've seen.
                   A       B       C       D       E      F
               +-------+-------+-------+-------+-------+----------------------
         Total | 100.0 | 100.0 |   2.2 |  16.0 |  68.0 | 506.8
       Dungeon | 100.0 | 100.0 |   2.2 |  16.0 |  68.0 | 506.8
               +-------+-------+-------+-------+-------+----------------------

Table legend:
 A = Kills in this place as a percentage of kills in entire the game.
 B = Kills by you in this place as a percentage of kills by you in the entire game.
 C = Kills by friends in this place as a percentage of kills by friends in the entire game.
 D = Other kills in this place as a percentage of other kills in the entire game.
 E = Experience gained in this place as a percentage of experience gained in the entire game.
 F = Experience gained in this place divided by the number of levels of this place that you have seen.
                   A       B       C       D       E      F
               +-------+-------+-------+-------+-------+----------------------
         Total | 100.0 | 100.0 |   N/A |   N/A | 100.0 |  34.8
       Dungeon | 100.0 | 100.0 |   N/A |   N/A | 100.0 |  34.8
               +-------+-------+-------+-------+-------+----------------------
